 Dungeon Crawl Stone Soup version 0.31.0-11-ge490571c62 (webtiles) character file.

Game seed: 13732083935840859058

6608 Arcadio the Spear-Bearer (level 11, -2/92 HPs)
             Began as a Merfolk Gladiator on Jan 30, 2024.
             Was an Elder of Zin.
             Slain by a yak (12 damage)
             ... on level 9 of the Dungeon.
             The game lasted 00:17:40 (10395 turns).

Arcadio the Spear-Bearer (Merfolk Gladiator)       Turns: 10395, Time: 00:17:41

Health: -2/92      AC: 13    Str: 18    XL:     11   Next: 2%
Magic:  11/11      EV: 15    Int:  7    God:    Zin [****..]
Gold:   392        SH:  0    Dex: 23    Spells: 10/10 levels left

rFire   . . .        a - +0 trident
rCold   . . .        q - orb {*Rage}
rNeg    . . .        J - +0 chain mail
rPois   .            m - +0 helmet
rElec   .            (no cloak)
rCorr   .            (no gloves)
SInv    .            (no boots)
Will    .....        K - amulet of magic regeneration Stlth
                     h - +4 ring of protection
HPRegen 0.35/turn    o - +6 ring of dexterity
MPRegen 0.52/turn

%: random rage (20%)
@: on berserk cooldown, slowed, invisible, very slow
A: (nimble swimmer 2), mertail
a: Renounce Religion, Recite, Vitalisation, Imprison, Donate Gold


You were on level 9 of the Dungeon.
You worshipped Zin.
Zin was greatly pleased with you.
You visited 2 branches of the dungeon, and saw 10 of its levels.

You collected 555 gold pieces.
You donated 163 gold pieces to Zin.

Inventory:

Hand Weapons
 a - a +0 trident (weapon)
 G - a +5 dire flail of holy wrath
 P - a +5 morningstar
 S - a +5 trident of freezing
Missiles
 d - 3 throwing nets (quivered)
 e - 6 javelins
Armour
 b - a +0 leather armour
 c - a +0 helmet
 g - a +0 ring mail
 m - a +0 helmet (worn)
 q - an orb of wrath (worn)
 v - a +0 scale mail
 J - a +0 chain mail (worn)
Jewellery
 h - a +4 ring of protection (left hand)
 o - a +6 ring of dexterity (right hand)
 p - a +4 ring of protection
 s - a ring of ice
 K - an amulet of magic regeneration (around neck)
 O - a ring of resist corrosion
 U - a ring of poison resistance
Wands
 B - a wand of light (30)
 D - a wand of mindburst (17)
 F - a wand of flame (31)
Scrolls
 f - a scroll of teleportation {unknown}
 i - a scroll of noise {unknown}
 j - 4 scrolls of revelation
 k - 2 scrolls of amnesia
 l - a scroll of acquirement {unknown}
 n - a scroll of butterflies {unknown}
 r - a scroll of identify
 u - 2 scrolls of torment
 w - a scroll of blinking {unknown}
 x - a scroll of fog {unknown}
 y - 2 scrolls of immolation
 E - 2 scrolls of poison
 H - a scroll of enchant weapon {unknown}
 I - a scroll of brand weapon {unknown}
 L - 2 scrolls of enchant armour {unknown}
 N - a scroll of fear {unknown}
Potions
 t - 3 potions of cancellation
 z - a potion of degeneration {unknown}
 A - 3 potions of haste
 C - a potion of brilliance {unknown}
 Q - a potion of enlightenment {unknown}
 R - a potion of attraction
 T - 2 potions of lignification {unknown}
 V - a potion of magic {unknown}


   Skills:
 + Level 10.7 Fighting
 + Level 12.8 Polearms
 - Level 2.0 Throwing
 + Level 12.8 Dodging


You had 10 spell levels left.
You didn't know any spells.
Your spell library contained the following spells:

 Spells                   Type           Power      Damage    Failure   Level
 Magic Dart               Conj           0%         1d3       99%         1
 Blink                    Tloc           0%         N/A       100%        2
 Call Imp                 Summ           0%         N/A       100%        2
 Jinxbite                 Hex            0%         N/A       100%        2
 Sublimation of Blood     Necr           0%         N/A       100%        2
 Frozen Ramparts          Ice            0%         1d1       100%        3
 Inner Flame              Hex/Fire       0%         N/A       100%        3
 Flame Wave               Conj/Fire      0%         2d4       100%        4
 Leda's Liquefaction      Alch/Erth      0%         N/A       100%        4
 Manifold Assault         Tloc           0%         N/A       100%        4
 Petrify                  Alch/Erth      0%         N/A       100%        4
 Sticky Flame             Fire/Alch      0%         2d4       100%        4
 Metabolic Englaciation   Hex/Ice        0%         N/A       100%        5
 Yara's Violent Unravell  Hex/Alch       0%         3d3       100%        5
 Dispersal                Tloc           0%         N/A       100%        6
 Enfeeble                 Hex            0%         N/A       100%        7
 Summon Hydra             Summ           0%         N/A       100%        7
 Disjunction              Tloc           0%         N/A       100%        8


Dungeon Overview and Level Annotations

Branches:
Dungeon (9/15)             Temple (1/1) D:5
   Lair: D:8-11         Orc: D:9-12

Altars:
Ashenzari
Cheibriados
Dithmenos
Elyvilon
Fedhas
Gozag
Hepliaklqana
Kikubaaqudgha
Makhleb
Nemelex Xobeh
Okawaru
Qazlal
Ru
Sif Muna
Trog
Uskayaw
Vehumet
Wu Jian
Xom
Yredelemnul
Zin
The Shining One

Annotations:
D:9 2 transporters


Innate Abilities, Weirdness & Mutations

((You are very nimble when in or above water. (Stealth+, EV+, Speed+++)))
Your lower body shifts to a powerful aquatic tail in water.


Message History

The yak is moderately wounded.
The yak gores you.
You hit the yak.
The yak is moderately wounded.
The yak gores you but does no damage.
You barely miss the yak.
The yak is moderately wounded.
The yak gores you. The yak barely misses you.
You hit the yak.
The yak is heavily wounded.
The yak gores you! The yak closely misses you.
You hit the yak but do no damage.
The yak is heavily wounded.
The yak misses you. The yak gores you.
You puncture the yak!
The yak is severely wounded.
The yak gores you!
You hit the yak.
The yak is severely wounded.
The yak barely misses you. The yak closely misses you.
You puncture the yak!
The yak is almost dead.
The yak gores you! The yak closely misses you.
You hit the yak.
You kill the yak!
The yak barely misses you.
You hit the yak but do no damage. You barely miss the yak.
The yak closely misses you. The yak gores you!
* * * LOW HITPOINT WARNING * * *
You hit the yak.
The yak is lightly wounded.
The yak gores you!
* * * LOW HITPOINT WARNING * * *
The yak gores you but does no damage.
Okay, then.
Okay, then.
You fade into invisibility!
The yak misses you. The yak completely misses you. The yak misses you.
The yak gores you!
You die...

....... ###...........
....... .......)......
.......########+##.........
........Y........#........#
........Y........#........#
...........Y.....#.......##
#........##Y##..##.......#.
#........#YY.#...........#©
#........#@..#...........##
#........#...#............#
#........#####............#
.....#... ...............#
..............##
..###.>........#. ##
#..........#. #..........#.
#..........##


You could see 4 yaks.

Vanquished Creatures
  2 two-headed ogres
  A hornet (D:8)
  Prince Ribbit (D:6)
  Sigmund (D:4)
  A yak (D:9)
  3 wyverns
  A wraith (D:5)
  A steam dragon (D:8)
  Edmund (D:4)
  An acid dragon (D:8)
  Duvessa (D:4)
  2 water moccasins
  A black bear (D:7)
  An ice beast (D:7)
  2 ogres
  A sky beast (D:7)
  4 centaurs (D:9)
  2 gnoll sergeants
  4 bullfrogs
  2 scorpions (D:5)
  14 wights
  Dowan (D:4)
  11 killer bees
  A howler monkey (D:8)
  A bombardier beetle (D:5)
  A gnoll bouda (D:7)
  2 jellies
  4 orc priests
  2 hounds
  3 sleepcaps
  4 iguanas
  5 orc wizards
  Natasha (thrice) (D:3)
  4 adders (D:2)
  14 gnolls
  3 shadow imps
  2 white imps
  5 dart slugs
  A ribbon worm (D:5)
  18 orcs
  A bat (D:1)
  6 endoplasms
  9 giant cockroaches
  6 goblins
  5 hobgoblins
  9 jackals
  5 quokkas
  5 ball pythons
  4 frilled lizards
  5 kobolds
  5 rats
192 creatures vanquished.

Notes
Turn   | Place    | Note
-------+----------+-------------------------------------------
     0 | D:1      | Arcadio the Merfolk Gladiator began the quest for the Orb.
     0 | D:1      | Reached XP level 1. HP: 16/16 MP: 1/1
   160 | D:1      | Reached XP level 2. HP: 22/23 MP: 2/2
   377 | D:1      | Reached XP level 3. HP: 19/28 MP: 3/3
  1201 | D:2      | Reached XP level 4. HP: 27/35 MP: 4/4
  1275 | D:2      | Found a hide-covered altar of Uskayaw.
  1390 | D:2      | Reached skill level 5 in Polearms
  1395 | D:2      | Reached skill level 5 in Dodging
  1764 | D:3      | You fall into a shaft and drop 2 floors!
  1764 | D:5      | Entered Level 5 of the Dungeon
  1950 | D:5      | Reached XP level 5. HP: 42/42 MP: 5/5
  1954 | D:5      | Found a white marble altar of Elyvilon.
  1965 | D:5      | Became a worshipper of Elyvilon the Healer
  1976 | D:5      | Noticed a wraith
  1988 | D:5      | Killed a wraith
  1989 | D:5      | Reached XP level 6. HP: 34/49 MP: 6/6
  2137 | D:5      | Noticed Edmund
  2216 | D:4      | Noticed Sigmund
  2217 | D:4      | Noticed Natasha
  2281 | D:3      | Killed Natasha
  2289 | D:3      | Noticed Natasha
  2294 | D:3      | Killed Natasha
  2515 | D:3      | Found a shadowy altar of Dithmenos.
  2561 | D:3      | Noticed Natasha
  2565 | D:3      | Killed Natasha
  2566 | D:3      | Reached XP level 7. HP: 54/55 MP: 7/7
  2633 | D:3      | Reached skill level 5 in Fighting
  2661 | D:3      | Reached * piety under Elyvilon
  2675 | D:3      | Found a sparkling altar of Nemelex Xobeh.
  3093 | D:4      | Killed Sigmund
  3191 | D:4      | Found a shimmering blue altar of Sif Muna.
  3222 | D:4      | Noticed Dowan
  3224 | D:4      | Noticed Duvessa
  3237 | D:4      | Killed Duvessa
  3243 | D:4      | Killed Dowan
  3244 | D:4      | Reached XP level 8. HP: 55/64 MP: 8/8
  3244 | D:4      | Found a sacrificial altar of Ru.
  3244 | D:4      | Found an ancient bone altar of Kikubaaqudgha.
  3251 | D:4      | Found an ornate altar of the Wu Jian Council.
  3256 | D:4      | Found a blossoming altar of Fedhas.
  3259 | D:4      | Found a hazy altar of Hepliaklqana.
  3264 | D:4      | Found an iron altar of Okawaru.
  3515 | D:4      | Killed Edmund
  4038 | D:5      | Reached ** piety under Elyvilon
  4223 | D:5      | Found a staircase to the Ecumenical Temple.
  4369 | Temple   | Entered the Ecumenical Temple
  4374 | Temple   | Fell from the grace of Elyvilon
  4374 | Temple   | Became a worshipper of Zin the Law-Giver
  4374 | Temple   | Reached * piety under Zin
  4374 | Temple   | Reached ** piety under Zin
  4381 | D:5      | Donated 108 gold pieces to Zin
  5377 | D:6      | Reached XP level 9. HP: 72/72 MP: 9/9
  6039 | D:6      | Noticed Prince Ribbit
  6045 | D:6      | Killed Prince Ribbit
  6436 | D:7      | Reached skill level 10 in Polearms
  6436 | D:7      | Reached skill level 10 in Dodging
  6765 | D:7      | Found a hide-covered altar of Uskayaw.
  7409 | D:8      | Reached *** piety under Zin
  8140 | D:8      | Noticed a hornet
  8168 | D:8      | Killed a hornet
  8169 | D:8      | Reached XP level 10. HP: 83/83 MP: 10/10
  8869 | D:8      | Reached **** piety under Zin
  8964 | D:8      | Noticed a two-headed ogre
  8977 | D:8      | Killed a two-headed ogre
  8978 | D:8      | Reached skill level 10 in Fighting
  9433 | D:8      | Found a broken altar of Ashenzari.
  9963 | D:9      | Noticed a two-headed ogre
  9968 | D:9      | Killed a two-headed ogre
  9989 | D:9      | Noticed a two-headed ogre
 10270 | D:9      | Found a transporter.
 10273 | D:9      | Noticed a cyclops
 10273 | D:9      | Noticed a kobold demonologist
 10320 | D:9      | Reached XP level 11. HP: 92/92 MP: 11/11
 10330 | D:9      | Found a transporter.
 10395 | D:9      | Slain by a yak

Illustrated notes

Levels and vault maps discovered:
D:1:      erik_arrival_cave_to_civilisation [erik_arrival_cave_to_hall],
          layout_basic, minmay_misc_feat_room, reono_crystal_passage,
          minmay_split_cup_small
D:2:      layout_basic, basic_altar, nrook_uturn
D:3:      layout_basic, nicolae_dithmenos_shadow_blocks, marbit_many_paths,
          kennysheep_generic_room_13
D:4:      layout_basic, kennysheep_mini, nicolae_overflow_hallway_of_the_gods,
          uniq_sigmund, uniq_duvessa, uniq_natasha
D:5:      layout_basic, mainiacjoe_overflow_chevrons, temple_hall, st_stairs_6,
          uniq_edmund
D:6:      layout_cave_pools, uniq_prince_ribbit1
D:7:      layout_basic, mainiacjoe_overflow_catwalk, dreamdust_princess_corridor
D:8:      layout_loops_ring, ashenzari_altar_1, kennysheep_opposing_triangles
D:9:      gammafunk_the_bubble [the_bubble_gammafunk_split],
          layout_irregular_city, serial_column_ruins, column_ruins_temple_hut,
          column_ruins_hut, column_ruins_grid_1, column_ruins_corridor_straight,
          column_ruins_grid_1, column_ruins_grid_1,
          column_ruins_corridor_straight, column_ruins_open_tiny, uniq_grum
Temple:   hellmonk_temple_micro_hex

Skill      XL: |  1  2  3  4  5  6  7  8  9 10 |
---------------+-------------------------------+-----
Fighting       | 3 4 6 7 9 10 | 10.7
Polearms       | 5 6 7 9 11 12 | 12.8
Dodging        | 5 6 7 9 11 12 | 12.8
Throwing       | |  2.0

Action                     |  1- 3 |  4- 6 |  7- 9 | 10-12 || total
---------------------------+-------+-------+-------+-------++-------
  Melee: Trident           |   130 |   113 |   463 |   214 ||   920
         Punch             |     1 |     1 |     3 |       ||     5
         Tailslap          |       |       |       |     2 ||     2
 Invoke: Recite            |       |       |     1 |       ||     1
         Donate Gold       |       |       |     1 |       ||     1
  Evoke: Wand              |       |       |     5 |     4 ||     9
    Use: Potion            |       |       |    10 |     1 ||    11
         Scroll            |       |       |     5 |     1 ||     6
   Stab: Sleeping          |       |     1 |       |       ||     1
         Invisible         |       |       |     7 |       ||     7
 Armour: Leather armour    |    34 |       |       |       ||    34
         Ring mail         |    45 |    55 |       |       ||   100
         Skin              |     1 |     3 |       |       ||     4
         Scale mail        |       |     5 |   223 |       ||   228
         Chain mail        |       |       |    36 |   132 ||   168
  Dodge: Dodged            |   107 |    90 |   358 |   182 ||   737
